 Dungeon Crawl Stone Soup version 0.20.1-1-g8b1a95d (webtiles) character file.

604853 Smidge the Axe Maniac (level 26, -7/273 HPs)
             Began as a Minotaur Berserker on July 11, 2017.
             Was a High Priest of Trog.
             Killed from afar by a black draconian (41 damage)
             ... with a bolt of lightning
             ... on level 2 of the Realm of Zot on July 13, 2017.
             The game lasted 03:17:28 (71882 turns).

Smidge the Axe Maniac (Minotaur Berserker)         Turns: 71882, Time: 03:17:29

Health: -7/273     AC: 41    Str: 30    XL:     26   Next: 59%
Magic:  29/29      EV: 20    Int:  2    God:    Trog [*****.]
Gold:   3963       SH:  0    Dex: 17    Spells: 30/30 levels left

rFire    + . .     SeeInvis .   Z - +9 executioner's axe of Parts Unknown {chop, MR++ Int-4}
rCold    . . .     Gourm    .   (shield currently unavailable)
rNeg     . . .     Faith    .   o - +0 gold dragon scales
rPois    +         Spirit   .   M - +2 hat
rElec    .         Reflect  .   X - +2 cloak
rCorr    +         Harm     .   c - +0 pair of gloves
MR       ++++.                  w - +0 pair of boots
Stlth    ..........             (no amulet)
Regen    0.6/turn               T - ring "Hiakua" {rCorr rC- MR+ Int+3 Dex+2}
MPRegen  0.3/turn               (no ring)

@: no status effects
A: retaliatory headbutt, horns 2, rugged brown scales 1, thin metallic scales 1,
agile 1, dopey 1, screaming 1, shaggy fur 1, wild magic 1, sturdy frame 1
}: 3/15 runes: barnacled, silver, gossamer
a: Berserk, Trog's Hand, Brothers in Arms, Burn Spellbooks, Renounce Religion


You were on level 2 of the Realm of Zot.
You worshipped Trog.
Trog was extremely pleased with you.
You were not hungry.

You visited 9 branches of the dungeon, and saw 45 of its levels.
You visited the Abyss 1 time.
You also visited: Bailey, Ice Cave, Volcano and Wizlab.

You collected 6394 gold pieces.
You spent 2431 gold pieces at shops.

Inventory:

Hand Weapons
 N - a +9 antimagic executioner's axe
 Z - the +9 executioner's axe of Parts Unknown (weapon) {chop, MR++ Int-4}
   (Trog gifted it to you on level 2 of the Elven Halls)

   It inflicts extra damage upon your enemies.
   It affects your intelligence (-4).
   It affects your resistance to hostile enchantments.
Armour
 c - a +0 pair of gloves (worn)
 o - +0 gold dragon scales (worn)
 w - a +0 pair of boots (worn)
 M - a +2 hat (worn)
 X - a +2 cloak (worn)
Jewellery
 a - an uncursed ring of protection from magic
 v - an uncursed ring of see invisible
 x - the brooch of Shielding {Reflect SH+8}
   (You bought it in a shop on level 6 of the Dungeon)

   [amulet of reflection]

   It shields you and reflects attacks.
   It affects your SH (+8).
 G - an uncursed amulet of regeneration
 H - the ring of Existentialism {rF+ Dex-2 Stlth+}
   (You found it on level 1 of the Vaults)

   [ring of dexterity]

   It affects your dexterity (-2).
   It protects you from fire.
   It makes you more stealthy.
 O - a +2 ring of slaying
 T - the ring "Hiakua" (left hand) {rCorr rC- MR+ Int+3 Dex+2}
   (You found it on level 3 of the Shoals)

   [ring of resist corrosion]

   It affects your intelligence (+3).
   It affects your dexterity (+2).
   It makes you vulnerable to cold.
   It affects your resistance to hostile enchantments.
 U - the ring "Qiemm" {rF+ MR+ Str+3 Int-5 Stlth-}
   (You found it on level 1 of the Vaults)

   [ring of loudness]

   It affects your strength (+3).
   It affects your intelligence (-5).
   It protects you from fire.
   It affects your resistance to hostile enchantments.
   It makes you less stealthy.
Wands
 A - a wand of digging (23/24)
Scrolls
 g - 9 scrolls of fear
 j - 5 scrolls of fog
 l - 23 scrolls of remove curse
 n - 2 scrolls of enchant weapon
 r - 3 scrolls of silence
 y - 20 scrolls of teleportation
 B - 2 scrolls of summoning
 I - 3 scrolls of recharging
 J - a scroll of brand weapon
 P - 23 scrolls of identify
Potions
 b - 8 potions of ambrosia
 e - 6 potions of heal wounds
 f - 13 potions of brilliance
 h - a potion of berserk rage
 k - a potion of invisibility
 p - a potion of cancellation
 q - 14 potions of curing
 s - 10 potions of mutation
 u - 9 potions of might
 C - 7 potions of haste
 E - 2 potions of magic
 F - 2 potions of agility
Miscellaneous
 i - 3 sacks of spiders
 R - a lamp of fire
 Y - a phantom mirror
Comestibles
 d - 23 meat rations
 m - 3 chunks of flesh
 t - 13 royal jellies
 z - 23 bread rations
 S - 24 fruits


   Skills:
 O Level 27 Fighting
   Level 5.7(6.3) Short Blades
   Level 4.2(5.8) Long Blades
 O Level 27 Axes
   Level 9.0(20.1) Maces & Flails
 - Level 3.7 Throwing
 O Level 27 Armour
 + Level 20.4 Dodging
   Level 5.1 Shields
 - Level 2.5 Spellcasting
 - Level 9.4 Evocations


You had 30 spell levels left.
You didn't know any spells.

Dungeon Overview and Level Annotations

Branches:
Dungeon (15/15)            Temple (0/1) D:7            Lair (6/6) D:10
 Shoals (4/4) Lair:2       Spider (4/4) Lair:2        Slime (0/5) Lair:6
    Orc (2/2) D:10            Elf (2/3) Orc:2        Vaults (5/5) D:13
  Crypt (0/3) Vaults:2     Depths (5/5) D:15            Zot (2/5) Depths:5

Altars:
Ashenzari
Cheibriados
Elyvilon
Makhleb
Qazlal
Sif Muna
Trog
Vehumet
Zin
The Shining One
Beogh

Shops:
D:6 =   D:7 ?   Orc:2 ![((   Elf:2 (   Shoals:4 !   Vaults:5 *

Portals:
Hell: Depths:1 Depths:2 Depths:3 Depths:4 Depths:5
Abyss: Depths:4
Pandemonium: Depths:2 Depths:3
Ziggurat: Depths:3


Innate Abilities, Weirdness & Mutations

You reflexively headbutt those who attack you in melee.
You have a pair of horns on your head.
You are partially covered in rugged brown scales. (AC +1, +3% HP)
You are partially covered in thin metallic scales. (AC +2)
You are agile. (Dex +2)
You are dopey. (Int -2)
You occasionally shout uncontrollably at your foes.
You are covered in fur. (AC +1)
Your spells are a little harder to cast, but a little more powerful.
Your movements are slightly less encumbered by armour. (ER -2)


Message History

Trog accepts your kill.
You hit the black draconian but do no damage.
The black draconian hits you with a war axe of flaming!
* * * LOW HITPOINT WARNING * * *
The black draconian burns you.
* * * LOW HITPOINT WARNING * * *
You slash the black draconian!
Your headbutt misses the black draconian.
The black draconian is lightly wounded.
A black draconian comes into view. It is wielding a hand axe.
Unknown command.
You slash the black draconian!
The black draconian is moderately wounded.
You slash the moth of wrath! The black draconian misses you.
The black draconian breathes lightning at you.
The bolt of lightning hits the black draconian.
The black draconian completely resists.
The bolt of lightning hits you!
* * * LOW HITPOINT WARNING * * *
The bolt of lightning hits you!
You die...

.#####...# ..####
.##..###.##.....#
..#....#).)###..# ..#
#..##()...# . .###
#....###.########..
...###...)..#... .......
..##.####..##.###d......
.##...##......#.#d(.#
##.....'....###.@y§.#
###...##..#.....#.......
####.##..###.#####.....#
.# ####..#.....# ....##
.# ##.####.##.## .###
####...##.##.## ##
..'.....'..###
#.##...##### ...##.##


You could see 2 draconians and a moth of wrath.

Vanquished Creatures
  2 ancient liches
  2 juggernauts (Depths:4)
  Bai Suzhen (Vaults:4)
  Saint Roka (Orc:2)
  Margery (Vaults:5)
  5 caustic shrikes (Depths:4)
  The ghost of happinesssam the Warrior, a veteran DrGl of Okawaru (Vaults:2)
  Xtahua (Depths:4)
  A curse toe (Zot:2)
  5 golden dragons
  Nikola (Vaults:1)
  A bone dragon (Abyss:2)
  Jorgrun (Spider:4)
  2 electric golems
  Rupert (Lair:6)
  12 tentacled monstrosities
  6 titans
  2 death cobs (Zot:1)
  2 quicksilver dragons (Depths:4)
  3 liches
  6 sphinxes
  An ancient champion (WizLab)
  Gastronok (D:8)
  Agnes (D:15)
  6 storm dragons
  2 draconian monks
  6 shadow dragons
  Ilsuiw (Shoals:4)
  6 tengu reavers
  Donald (Vaults:4)
  2 draconian knights
  An iron dragon (Depths:4)
  8 fire giants
  12 vault wardens
  19 frost giants
  3 draconian shifters
  3 draconian scorchers
  5 ghost moths
  A frost giant (shapeshifter) (Vaults:5)
  3 deep elf sorcerers
  An orc warlord (Orc:2)
  4 draconian stormcallers
  5 emperor scorpions (Spider:4)
  Aizul (Spider:4)
  A deep elf elementalist (Vaults:5)
  A juggernaut zombie (Depths:2)
  21 stone giants
  11 ironheart preservers
  28 very ugly things
  A spriggan defender (Depths:4)
  9 entropy weavers
  A war gargoyle (Vaults:5)
  The ghost of Dyss the Brawler, a journeyman MiBe of Trog (Elf:1)
  2 vampire knights
  4 white draconians
  7 green draconians
  3 black draconians
  4 deep elf annihilators
  8 yellow draconians
  A dire elephant (Lair:4)
  Azrael (Elf:2)
  6 purple draconians
  4 red draconians
  9 spark wasps
  16 ettins
  A blizzard demon (IceCv)
  2 deep elf high priests
  6 merfolk javelineers
  2 deep elf death magi
  2 jiangshi (Depths:3)
  7 merfolk impalers
  9 great orbs of eyes
  27 yaktaur captains
  8 rakshasas
  7 hydras
  15 ice dragons
  31 vault guards
  17 fire dragons
  10 merfolk avatars
  A hell beast (Depths:3)
  15 centaur warriors
  12 spriggan air magi
  A quicksilver dragon skeleton (Depths:4)
  3 death yaks (Lair:4)
  20 dancing weapons
  An alligator snapping turtle (Lair:2)
  20 ogre magi
  62 two-headed ogres
  10 deep troll shamans
  7 merfolk aquamancers
  2 death knights
  5 tengu warriors
  3 orc high priests
  3 satyrs
  2 vampire magi (Depths:3)
  14 deep troll earth magi
  A soul eater (Depths:3)
  Urug (Orc:1)
  A sun demon (Depths:2)
  2 thrashing horrors (Abyss:2)
  3 iron trolls
  25 hell knights
  A fire crab (Lair:6)
  12 spriggan berserkers
  Sonja (D:15)
  A storm dragon zombie (Depths:4)
  15 deep elf knights
  A fire crab (shapeshifter) (Depths:3)
  A wretched star (Abyss:2)
  12 skeletal warriors
  2 unseen horrors
  10 sea snakes
  4 shadow wraiths
  A golden dragon zombie (Depths:4)
  A spark wasp zombie (Depths:4)
  12 wizards
  2 death drakes (shapeshifter)
  4 glowing orange brains
  7 starcursed masses (Abyss:2)
  A flayed ghost (Depths:4)
  38 deep trolls
  A golden dragon skeleton (Depths:4)
  5 deep elf archers
  A shadow dragon zombie (Depths:2)
  A wolf spider zombie (D:14)
  Pikel (D:8)
  2 large abominations (Abyss:2)
  6 phantasmal warriors (Vaults:5)
  10 necromancers
  23 ironbrand convokers
  13 orc knights
  20 harpies
  2 orc sorcerers (Orc:2)
  A sphinx zombie (Depths:4)
  13 orb spiders
  43 deep elf magi
  A manticore (shapeshifter) (Depths:4)
  A stone giant zombie (Depths:2)
  A shining eye (shapeshifter) (Vaults:3)
  46 ugly things
  8 cyclopes
  34 wolf spiders
  15 manticores
  A shock serpent zombie (Abyss:2)
  5 toenail golems (Volcano)
  5 centaur zombies
  16 merfolk sirens
  9 moths of wrath
  19 fauns
  3 black mambas
  2 ice statues (IceCv)
  A spriggan zombie (Depths:4)
  A black mamba (shapeshifter) (Depths:4)
  A fire giant skeleton (Depths:4)
  A human skeleton (Vaults:5)
  14 vault sentinels
  Joseph (D:7)
  3 centaur skeletons
  32 elephants
  5 water nymphs
  A rust devil (Depths:3)
  2 smoke demons
  A spiny frog (shapeshifter) (D:14)
  Maurice (D:8)
  14 spiny frogs
  A torpor snail (Spider:1)
  70 yaktaurs
  2 komodo dragons (shapeshifter)
  A rime drake (shapeshifter) (Vaults:1)
  2 rime drakes
  A hellion (Depths:2)
  17 demonic crawlers
  A kobold demonologist (D:15)
  2 ancient zymes (Abyss:2)
  An efreet (D:14)
  8 freezing wraiths
  3 komodo dragons
  7 tengu conjurers
  A golden dragon simulacrum (Depths:4)
  2 elf skeletons (Depths:2)
  A hellwing (Depths:5)
  15 ice devils
  11 polar bears
  6 meliai
  9 trolls
  A troll (shapeshifter) (Vaults:4)
  41 jumping spiders
  A merfolk (shapeshifter) (Vaults:3)
  18 hornets
  A meliai (shapeshifter) (Depths:4)
  2 wind drakes (shapeshifter)
  37 merfolk
  A slime creature (shapeshifter) (Vaults:5)
  30 blink frogs
  4 wind drakes
  15 dream sheep
  11 hippogriffs
  2 meliai zombies (D:15)
  5 raiju (Lair:6)
  32 slime creatures
  A stone giant simulacrum (Vaults:5)
  16 snapping turtles
  101 redbacks
  16 air elementals
  2 ettin skeletons
  3 shadows
  9 spriggans
  43 tarantellas
  A spriggan skeleton (Depths:2)
  5 vampires
  2 spriggans (shapeshifter)
  64 yaks
  4 humans (shapeshifter)
  4 wraiths
  10 wyverns
  6 fire elementals
  3 fire bats (Lair:4)
  A golden eye (shapeshifter) (Vaults:2)
  25 water elementals
  A basilisk (shapeshifter) (Vaults:3)
  4 basilisks
  19 humans (D:13)
  5 vampire mosquitoes
  A neqoxec (Abyss:2)
  3 chaos spawn
  2 elf simulacra
  A human simulacrum (Vaults:5)
  A deep troll zombie (Vaults:5)
  2 swamp worms (shapeshifter)
  8 insubstantial wisps (Depths:1)
  12 wargs
  A soldier ant (D:10)
  2 acid dragons
  4 two-headed ogre zombies (WizLab)
  A human zombie (Depths:4)
  8 water moccasins
  9 porcupines
  17 hell hounds
  2 ice beasts
  13 black bears
  43 orc warriors
  7 sky beasts
  A swamp drake (D:10)
  2 slaves (D:8)
  3 phantoms
  An eye of draining (D:4)
  17 wolves
  A necrophage (D:4)
  9 boggarts
  27 centaurs
  8 crocodiles
  49 ogres
  2 big kobolds
  22 bullfrogs
  A wyvern zombie (D:9)
  4 earth elementals
  A wyvern skeleton (D:15)
  3 scorpions
  8 troll zombies (WizLab)
  14 wights
  13 killer bees
  3 howler monkeys (D:13)
  5 jellies
  5 electric eels
  A bullfrog zombie (D:12)
  4 crimson imps
  3 quasits
  7 hounds
  33 orc priests
  35 orc wizards
  A bullfrog skeleton (D:6)
  4 iron imps
  A gnoll shaman (D:8)
  3 iguanas
  10 worker ants
  4 lightning spires (Depths:1)
  A killer bee zombie (D:10)
  3 ogre zombies (WizLab)
  A hound zombie (D:6)
  A hound skeleton (D:10)
  8 gnolls (D:8)
  A worker ant zombie (D:11)
  16 adders
  5 shadow imps
  12 white imps
  4 ufetubi
  An adder zombie (D:5)
  An adder skeleton (D:4)
  3 worms
  2 dart slugs
  7 leopard geckos
  135 orcs
  A ball python (D:2)
  5 giant cockroaches
  13 goblins
  4 hobgoblins
  8 jackals
  4 quokkas
  8 bats
  10 frilled lizards
  A jackal skeleton (D:5)
  2 jackal zombies
  14 kobolds
  A quokka zombie (D:7)
  7 rats
  A bush (Shoals:1)
  2 fungi
  8 plants
2598 creatures vanquished.

Vanquished Creatures (collateral kills)
  A quicksilver dragon (Vaults:5)
  A titan (Vaults:5)
  A vault warden (Vaults:5)
  A stone giant (Vaults:5)
  A merfolk javelineer (Shoals:3)
  A yaktaur captain (Vaults:5)
  A death knight (Vaults:2)
  2 ironbrand convokers (Vaults:5)
  2 oklob plants (Shoals:3)
  A wraith (Vaults:2)
  2 orc warriors (Vaults:5)
14 creatures vanquished.

Vanquished Creatures (others)
  A draconian annihilator (Depths:5)
  A deep troll (Vaults:2)
  A jumping spider (Spider:4)
  4 ogres
  4 ufetubi (IceCv)
  2 ball lightnings (Depths:1)
  2 bushes (Lair:1)
  16 fungi
  12 plants
43 creatures vanquished.

Grand Total: 2655 creatures vanquished

Notes
Turn   | Place    | Note
-------+----------+-------------------------------------------
     0 | D:1      | Smidge the Minotaur Berserker began the quest for the Orb.
     0 | D:1      | Reached XP level 1. HP: 19/19 MP: 0/0
   618 | D:1      | Reached XP level 2. HP: 25/27 MP: 1/1
  1200 | D:2      | Reached XP level 3. HP: 14/33 MP: 2/2
  1819 | D:2      | Found a white marble altar of Elyvilon.
  1822 | D:2      | Found a snail-covered altar of Cheibriados.
  1829 | D:2      | Reached ** piety under Trog
  1830 | D:2      | Reached XP level 4. HP: 38/41 MP: 3/3
  2744 | D:3      | Noticed a centaur
  2751 | D:3      | Killed a centaur
  2751 | D:3      | Reached skill level 5 in Axes
  2751 | D:3      | Reached XP level 5. HP: 44/47 MP: 4/4
  2920 | D:4      | Reached XP level 6. HP: 38/55 MP: 5/5
  2924 | D:4      | Reached skill level 5 in Fighting
  3080 | D:4      | Found a white marble altar of Elyvilon.
  3116 | D:4      | Reached skill level 1 in Maces & Flails
  3148 | D:4      | Reached *** piety under Trog
  3148 | D:4      | Reached XP level 7. HP: 24/60 MP: 0/6
  4260 | D:5      | Entered Level 5 of the Dungeon
  4558 | D:5      | Found a burning altar of Makhleb.
  4569 | D:5      | Found a glowing silver altar of Zin.
  4569 | D:5      | Noticed an angel
  4569 | D:5      | Noticed a green death
  4860 | D:5      | Reached skill level 5 in Maces & Flails
  4860 | D:5      | Reached skill level 5 in Armour
  4860 | D:5      | Reached XP level 8. HP: 17/69 MP: 7/7
  5722 | D:6      | Found Bokozxesh's Jewellery Boutique.
  5860 | D:6      | Found a stormy altar of Qazlal.
  5865 | D:6      | Noticed an air elemental
  6527 | D:7      | Found a staircase to the Ecumenical Temple.
  6597 | D:7      | Noticed Joseph
  6616 | D:7      | Killed Joseph
  6616 | D:7      | Reached skill level 1 in Shields
  6624 | D:7      | Reached XP level 9. HP: 66/77 MP: 8/8
  6741 | D:7      | Reached **** piety under Trog
  6793 | D:7      | Found Leleh's Magic Scroll Shoppe.
  6802 | D:7      | Bought a scroll of remove curse for 36 gold pieces
  6802 | D:7      | Bought a scroll of identify for 24 gold pieces
  6802 | D:7      | Bought a scroll of teleportation for 36 gold pieces
  7648 | D:8      | Found a deep blue altar of Sif Muna.
  7678 | D:8      | Noticed Maurice
  7688 | D:8      | Killed Maurice
  7793 | D:8      | Got a faintly glowing turquoise ring
  7794 | D:8      | Identified the ring of Xerasiq {*Tele *Corrode rElec Stlth+} (You found it on level 8 of the Dungeon)
  7937 | D:8      | Noticed Gastronok
  7949 | D:8      | Killed Gastronok
  7949 | D:8      | Reached XP level 10. HP: 89/89 MP: 9/9
  8071 | D:8      | Noticed Pikel
  8090 | D:8      | Killed Pikel
  8797 | D:9      | Reached ***** piety under Trog
  8862 | D:9      | Reached skill level 10 in Axes
  8987 | D:9      | Got a transparent ring mail
  8998 | D:9      | Identified the +1 ring mail "Miqaj" {Int+2 Slay+3} (You found it on level 9 of the Dungeon)
  9030 | D:9      | Gained mutation: You are partially covered in thin metallic scales. (AC +2) [mutagenic meat]
  9031 | D:9      | Gained mutation: Your spells are a little harder to cast, but a little more powerful. [mutagenic meat]
  9032 | D:9      | Gained mutation: You do not regenerate when monsters are visible. [mutagenic meat]
  9033 | D:9      | Gained mutation: You are partially covered in rugged brown scales. (AC +1, +3% HP) [mutagenic meat]
  9064 | D:9      | Noticed a two-headed ogre
  9071 | D:9      | Killed a two-headed ogre
  9071 | D:9      | Reached skill level 10 in Armour
  9230 | D:9      | Noticed a two-headed ogre
  9237 | D:9      | Killed a two-headed ogre
  9363 | D:9      | Found a bloodstained altar of Trog.
  9478 | D:9      | Reached XP level 11. HP: 90/99 MP: 10/10
  9714 | D:9      | Got a polished scale mail
  9725 | D:9      | Identified the +2 scale mail "Ahewkivog" {*Contam rPois rN+ Slay+5} (You found it on level 9 of the Dungeon)
 10214 | D:10     | Entered Level 10 of the Dungeon
 10221 | D:10     | Identified a scroll of acquirement
 10238 | D:10     | Found a deep blue altar of Sif Muna.
 10300 | D:10     | Found a flagged portal.
 10311 | Bailey   | Entered a bailey
 10311 | Bailey   | Noticed an orc knight
 10311 | Bailey   | Noticed an orc knight
 10475 | Bailey   | Noticed an orc knight
 10475 | Bailey   | Noticed an orc knight
 10488 | Bailey   | Killed an orc knight
 10488 | Bailey   | Killed an orc knight
 10932 | D:10     | Received a gift from Trog
 10932 | D:10     | Reached skill level 10 in Fighting
 11160 | D:10     | Noticed a two-headed ogre
 11165 | D:10     | Got a crystal battleaxe {god gift}
 11173 | D:10     | Killed a two-headed ogre
 11173 | D:10     | Reached skill level 5 in Shields
 11299 | D:10     | Identified the +5 battleaxe "Sas Qont" {freeze, rF- Int+4 Dex+4 SInv} (Trog gifted it to you on level 10 of the Dungeon)
 11310 | D:10     | Gained mutation: Your body sometimes deteriorates upon taking damage. [mutagenic glow]
 11664 | D:10     | Found a staircase to the Orcish Mines.
 11750 | D:10     | Lost mutation: You are partially covered in thin metallic scales. (AC +2) [potion of mutation]
 11750 | D:10     | Lost mutation: You do not regenerate when monsters are visible. [potion of mutation]
 11750 | D:10     | Gained mutation: You are dopey. (Int -2) [potion of mutation]
 11750 | D:10     | Gained mutation: You are robust. (+10% HP) [potion of mutation]
 11750 | D:10     | Gained mutation: You have sharp fingernails. [potion of mutation]
 11751 | D:10     | Lost mutation: You are robust. (+10% HP) [potion of mutation]
 11751 | D:10     | Lost mutation: Your body sometimes deteriorates upon taking damage. [potion of mutation]
 11751 | D:10     | Lost mutation: You have sharp fingernails. [potion of mutation]
 11751 | D:10     | Gained mutation: Armour fits poorly on your strangely shaped body. [potion of mutation]
 11751 | D:10     | Lost mutation: Armour fits poorly on your strangely shaped body. [potion of mutation]
 11751 | D:10     | Gained mutation: You occasionally shout uncontrollably at your foes. [potion of mutation]
 11751 | D:10     | Gained mutation: You are covered in fur. (AC +1) [potion of mutation]
 12316 | D:10     | Found a staircase to the Lair.
 12570 | D:11     | Noticed a two-headed ogre
 12575 | D:11     | Killed a two-headed ogre
 12783 | D:11     | Reached XP level 12. HP: 77/111 MP: 11/11
 13151 | D:12     | Received a gift from Trog
 13221 | D:12     | Reached skill level 15 in Axes
 13232 | D:12     | Noticed a two-headed ogre
 13238 | D:12     | Killed a two-headed ogre
 13432 | D:12     | Noticed a death knight
 13624 | D:12     | Killed a death knight
 14129 | D:12     | Noticed a two-headed ogre
 14135 | D:12     | Killed a two-headed ogre
 14263 | Lair:1   | Entered Level 1 of the Lair of Beasts
 14269 | Lair:1   | Noticed an eight-headed hydra
 14277 | Lair:1   | Killed a 12-headed hydra
 14626 | Lair:1   | Noticed an eight-headed hydra
 14631 | Lair:1   | Killed a ten-headed hydra
 14631 | Lair:1   | Reached XP level 13. HP: 121/121 MP: 12/12
 15091 | Lair:1   | Reached ****** piety under Trog
 15092 | Lair:1   | Received a gift from Trog
 15833 | Lair:2   | Found a staircase to the Shoals.
 16089 | Lair:2   | Found a hole to the Spider Nest.
 16816 | Lair:3   | Found a shattered altar of Ashenzari.
 17281 | Lair:4   | Received a gift from Trog
 17303 | Lair:4   | Noticed a dire elephant
 17320 | Lair:4   | Killed a dire elephant
 17608 | Lair:4   | Reached XP level 14. HP: 47/133 MP: 13/13
 17806 | Lair:4   | Found a dark tunnel.
 17817 | Volcano  | Entered a volcano
 19435 | Lair:5   | Received a gift from Trog
 20304 | Lair:6   | Entered Level 6 of the Lair of Beasts
 20534 | Lair:6   | Noticed Rupert
 20544 | Lair:6   | Killed Rupert
 20922 | Lair:6   | Found a staircase to the Slime Pits.
 20931 | Lair:6   | Got a crude scale mail
 20942 | Lair:6   | Identified the +5 scale mail of Pitepy {rPois MR+ Slay-3 Stlth+} (You found it on level 6 of the Lair of Beasts)
 21063 | Lair:6   | Received a gift from Trog
 21135 | Lair:6   | Reached skill level 15 in Fighting
 21345 | Lair:6   | Reached XP level 15. HP: 108/145 MP: 14/14
 22455 | Orc:1    | Entered Level 1 of the Orcish Mines
 22650 | Orc:1    | Received a gift from Trog
 22659 | Orc:1    | Noticed Urug
 22677 | Orc:1    | Killed Urug
 23463 | Orc:2    | Entered Level 2 of the Orcish Mines
 23463 | Orc:2    | Found a staircase to the Elven Halls.
 23516 | Orc:2    | Found a roughly hewn altar of Beogh.
 23576 | Orc:2    | Found a roughly hewn altar of Beogh.
 23581 | Orc:2    | Received a gift from Trog
 23587 | Orc:2    | Found Hacs's Weapon Boutique.
 23760 | Orc:2    | Found a roughly hewn altar of Beogh.
 23985 | Orc:2    | Found a roughly hewn altar of Beogh.
 24124 | Orc:2    | Noticed Saint Roka
 24312 | Orc:2    | Received a gift from Trog
 24346 | Orc:2    | Killed Saint Roka
 24346 | Orc:2    | Reached skill level 15 in Armour
 24542 | Orc:2    | Found Opofoc's Antique Weapon Emporium.
 24542 | Orc:2    | Found a roughly hewn altar of Beogh.
 24545 | Orc:2    | Found Laenuup's Antique Armour Shoppe.
 24556 | Orc:2    | Bought a translucent quick blade for 540 gold pieces
 24557 | Orc:2    | Identified the +4 quick blade of the Middle {protect, rF- Dex+7 SInv} (You bought it in a shop on level 2 of the Orcish Mines)
 24622 | Orc:2    | Found a roughly hewn altar of Beogh.
 24632 | Orc:2    | Found Tekyci's Distillery.
 24638 | Orc:2    | Bought a potion of heal wounds for 55 gold pieces
 24638 | Orc:2    | Bought a potion of heal wounds for 55 gold pieces
 24638 | Orc:2    | Bought a potion of haste for 110 gold pieces
 24663 | Orc:2    | Found a roughly hewn altar of Beogh.
 24753 | Orc:2    | Noticed an orc warlord
 24770 | Orc:2    | Killed an orc warlord
 24951 | Orc:2    | Found a roughly hewn altar of Beogh.
 25129 | Orc:2    | Found a roughly hewn altar of Beogh.
 25432 | D:13     | Gained mutation: Your flesh is cold resistant. (rC+) [mutagenic meat]
 25625 | D:13     | Found a gate to the Vaults.
 25635 | D:13     | Received a gift from Trog
 26377 | D:14     | Reached XP level 16. HP: 139/159 MP: 15/15
 26675 | D:14     | Found a glowing golden altar of the Shining One.
 26862 | D:14     | Received a gift from Trog
 27179 | D:15     | Entered Level 15 of the Dungeon
 27244 | D:15     | Found a staircase to the Depths.
 27259 | D:15     | Gained mutation: Your movements are slightly less encumbered by armour. (ER -2) [mutagenic meat]
 27260 | D:15     | Gained mutation: You are agile. (Dex +2) [mutagenic meat]
 27524 | D:15     | Noticed Agnes
 27536 | D:15     | Killed Agnes
 27706 | D:15     | Noticed Sonja
 27731 | D:15     | Cast into level 2 of the Abyss (Sonja)
 27731 | Abyss:2  | Found a corrupted altar of Lugonu.
 27907 | Abyss:2  | Gained mutation: You are partially covered in thin metallic scales. (AC +2) [a neqoxec]
 27922 | Abyss:2  | Received a gift from Trog
 28152 | Abyss:2  | Noticed a bone dragon
 28174 | Abyss:2  | Killed a bone dragon
 28176 | D:15     | Escaped the Abyss
 28189 | D:15     | Killed Sonja
 28906 | Spider:1 | Entered Level 1 of the Spider Nest
 29918 | Spider:1 | Received a gift from Trog
 30244 | Spider:1 | Reached skill level 5 in Dodging
 30804 | Spider:2 | Reached XP level 17. HP: 170/170 MP: 16/16
 30842 | Spider:2 | Received a gift from Trog
 32311 | Spider:3 | Got a smoking shield
 32314 | Spider:3 | Identified the -4 shield "Emyugig" {MR+ Dex+4} (You found it on level 3 of the Spider Nest)
 32476 | Spider:3 | Reached skill level 1 in Evocations
 32965 | Spider:3 | Received a gift from Trog
 33745 | Spider:4 | Entered Level 4 of the Spider Nest
 33846 | Shoals:1 | Entered Level 1 of the Shoals
 35634 | Shoals:1 | Received a gift from Trog
 35935 | Shoals:1 | Received a gift from Trog
 36722 | Shoals:2 | Found a frozen archway.
 36752 | IceCv    | Entered an ice cave
 36788 | IceCv    | Received a gift from Trog
 37928 | Shoals:2 | Reached XP level 18. HP: 128/181 MP: 20/20
 38990 | Shoals:3 | Got a scintillating copper ring
 38995 | Shoals:3 | Identified the ring "Hiakua" {rCorr rC- MR+ Int+3 Dex+2} (You found it on level 3 of the Shoals)
 39083 | Shoals:3 | Received a gift from Trog
 40075 | Elf:1    | Entered Level 1 of the Elven Halls
 40075 | Elf:1    | Noticed Dyss's ghost (journeyman MiBe)
 40087 | Elf:1    | Killed Dyss's ghost
 40917 | Elf:2    | Found a runed gate.
 40918 | Elf:2    | Found a runed gate.
 40920 | Elf:2    | Found a runed gate.
 40958 | Elf:2    | Found Pydonomn's Weapon Emporium.
 41086 | Elf:2    | Received a gift from Trog
 41091 | Elf:2    | Got a pitted executioner's axe {god gift}
 41093 | Elf:2    | Identified the +9 executioner's axe of Parts Unknown {chop, MR++ Int-4} (Trog gifted it to you on level 2 of the Elven Halls)
 41181 | Elf:2    | Reached skill level 5 in Evocations
 41850 | Elf:2    | Noticed Azrael
 41860 | Elf:2    | Killed Azrael
 41863 | Elf:2    | Received a gift from Trog
 43621 | Spider:4 | Noticed Aizul
 43634 | Spider:4 | Killed Aizul
 43644 | Spider:4 | Received a gift from Trog
 44123 | Spider:4 | Got a smelly chain mail
 44138 | Spider:4 | Identified the +9 chain mail "Teut Vakh" {*Contam rC+++ Regen+ rCorr} (You found it on level 4 of the Spider Nest)
 44401 | Spider:4 | Reached XP level 19. HP: 173/192 MP: 22/22
 44594 | Spider:4 | Noticed Jorgrun
 44603 | Spider:4 | Killed Jorgrun
 44709 | Spider:4 | Received a gift from Trog
 44835 | Spider:4 | Lost intelligence.
 45048 | Spider:4 | Got a gossamer rune of Zot
 45457 | Vaults:1 | Entered Level 1 of the Vaults
 45514 | Vaults:1 | Noticed Nikola
 45525 | Vaults:1 | Killed Nikola
 45547 | Vaults:1 | Received a gift from Trog
 45839 | Vaults:1 | Got an ancient brass ring
 45842 | Vaults:1 | Lost intelligence.
 45842 | Vaults:1 | Identified the ring "Qiemm" {rF+ MR+ Str+3 Int-5 Stlth-} (You found it on level 1 of the Vaults)
 45875 | Vaults:1 | Got a scintillating ivory ring
 45877 | Vaults:1 | Identified the cursed ring of Existentialism {rF+ Dex-2 Stlth+} (You found it on level 1 of the Vaults)
 46372 | Vaults:1 | Received a gift from Trog
 47039 | Vaults:2 | Received a gift from Trog
 47086 | Vaults:2 | Noticed happinesssam's ghost (veteran DrGl)
 47109 | Vaults:2 | Killed happinesssam's ghost
 47109 | Vaults:2 | Reached XP level 20. HP: 206/206 MP: 24/24
 47371 | Vaults:2 | HP: 2/206 [mirror damage (50)]
 47374 | Vaults:2 | Found a staircase to the Crypt.
 48354 | Vaults:2 | Received a gift from Trog
 49576 | Vaults:3 | Received a gift from Trog
 50364 | Vaults:3 | Received a gift from Trog
 50593 | Vaults:4 | Noticed Donald
 50602 | Vaults:4 | Killed Donald
 50708 | Vaults:4 | Found a radiant altar of Vehumet.
 51066 | Vaults:4 | Reached XP level 21. HP: 206/217 MP: 26/26
 51470 | Vaults:4 | Received a gift from Trog
 51629 | Vaults:4 | Noticed Bai Suzhen
 51641 | Vaults:4 | Killed Bai Suzhen
 51855 | Vaults:4 | Reached skill level 10 in Dodging
 51858 | Vaults:4 | Received a gift from Trog
 52726 | Shoals:4 | Entered Level 4 of the Shoals
 53114 | Shoals:4 | Identified the Collected Works on Changing
 53296 | Shoals:4 | Noticed Ilsuiw
 53315 | Shoals:4 | Received a gift from Trog
 53323 | Shoals:4 | Killed Ilsuiw
 53536 | Shoals:4 | Got a barnacled rune of Zot
 53743 | Shoals:4 | Found Enaulol's Distillery.
 54020 | Shoals:4 | Reached skill level 27 in Axes
 54433 | Vaults:5 | Entered Level 5 of the Vaults
 54433 | Vaults:5 | Noticed Margery
 54443 | Vaults:5 | Reached skill level 1 in Short Blades
 54443 | Vaults:5 | Reached skill level 1 in Throwing
 54443 | Vaults:5 | Reached skill level 1 in Long Blades
 54444 | Vaults:5 | Received a gift from Trog
 54447 | Vaults:5 | Reached skill level 1 in Spellcasting
 54452 | Vaults:5 | Reached XP level 22. HP: 134/230 MP: 28/28
 54459 | Vaults:5 | Killed Margery
 54460 | Vaults:5 | Reached skill level 5 in Short Blades
 54879 | Vaults:5 | Received a gift from Trog
 55367 | Vaults:5 | Found Kodd's Assorted Antiques.
 55517 | Vaults:5 | Received a gift from Trog
 56120 | Vaults:5 | Received a gift from Trog
 56282 | Vaults:5 | Got a silver rune of Zot
 57019 | Depths:1 | Entered Level 1 of the Depths
 57559 | Depths:1 | Reached XP level 23. HP: 231/243 MP: 29/29
 57631 | Depths:1 | Received a gift from Trog
 58031 | Depths:1 | Received a gift from Trog
 58175 | Depths:1 | Reached skill level 27 in Fighting
 58179 | Depths:1 | Found a gateway to Hell.
 58461 | Depths:1 | Received a gift from Trog
 58516 | Depths:1 | Found a runed door.
 59348 | Depths:2 | Received a gift from Trog
 60213 | Depths:2 | Received a gift from Trog
 60489 | Depths:2 | Received a gift from Trog
 60616 | Depths:2 | Found a one-way gate leading to the halls of Pandemonium.
 60873 | Depths:3 | Found a gateway to a ziggurat.
 60966 | Depths:3 | Found a magical portal.
 61003 | WizLab   | Entered Zonguldrok's Shrine
 61079 | WizLab   | Received a gift from Trog
 61083 | WizLab   | Reached XP level 24. HP: 255/256 MP: 29/29
 61169 | WizLab   | Received a gift from Trog
 61290 | WizLab   | Noticed an antique lich
 61298 | WizLab   | Killed an antique lich
 62012 | Depths:3 | Received a gift from Trog
 62533 | Depths:3 | Found a glowing golden altar of the Shining One.
 62683 | Depths:3 | Received a gift from Trog
 63124 | Depths:4 | Found a one-way gate to the infinite horrors of the Abyss.
 63518 | Depths:4 | Received a gift from Trog
 63789 | Depths:4 | Noticed Xtahua
 63797 | Depths:4 | Killed Xtahua
 63797 | Depths:4 | Reached skill level 15 in Dodging
 64078 | Depths:4 | Reached XP level 25. HP: 245/264 MP: 29/29
 64340 | Depths:4 | Received a gift from Trog
 64817 | Depths:4 | Noticed a juggernaut
 64826 | Depths:4 | Killed a juggernaut
 64840 | Depths:4 | Noticed an ancient lich
 64852 | Depths:4 | Killed an ancient lich
 65104 | Depths:4 | Received a gift from Trog
 65520 | Depths:4 | Received a gift from Trog
 65555 | Depths:4 | Found a deep blue altar of Sif Muna.
 65677 | Depths:4 | Noticed a juggernaut
 65689 | Depths:4 | Killed a juggernaut
 65955 | Depths:5 | Entered Level 5 of the Depths
 66382 | Depths:5 | Received a gift from Trog
 66753 | Depths:5 | Found a gate to the Realm of Zot.
 67225 | Depths:5 | Reached XP level 26. HP: 261/273 MP: 24/29
 67606 | Zot:1    | Entered Level 1 of the Realm of Zot
 67688 | Depths:5 | Lost mutation: Your flesh is cold resistant. (rC+) [mutagenic glow]
 68034 | Depths:1 | Reached skill level 27 in Armour
 68239 | D:6      | Bought the brooch of Shielding {Reflect SH+8} for 1275 gold pieces
 68251 | D:6      | Bought an uncursed ring of ice for 300 gold pieces
 70669 | Zot:2    | Received a gift from Trog
 71646 | Zot:2    | Got a twitching granite ring
 71647 | Zot:2    | Identified the ring of Githrai {*Tele MR++ Str+10 Int-5 SInv} (You found it on level 2 of the Realm of Zot)
 71882 | Zot:2    | Killed from afar by a black draconian

Skill      XL: |  1  2  3  4  5  6  7  8  9 10 11 12 13 14 15 16 17 18 19 20 21 22 23 24 25 26 |
---------------+-------------------------------------------------------------------------------+-----
Axes           | 4 5 6 8 11 14 16 18 20 21 22 24 25 26 27 | 27.0
Fighting       | 4 5 6 7 8 9 10 12 13 15 17 18 19 20 21 23 24 26 27 | 27.0
Dodging        | 3 4 5 8 9 10 11 12 15 17 20 | 20.4
Armour         | 3 4 5 7 9 10 11 12 13 15 16 18 19 20 22 24 26 27 | 27.0
Maces & Flails | 2 5 8 9 |  9.0
Shields        | 1 3 4 5 |  5.1
Evocations     | 4 5 7 8 9 |  9.4
Short Blades   | 3 5 |  5.7
Throwing       | 2 3 |  3.7
Long Blades    | 2 4 |  4.2
Spellcasting   | 1 2 |  2.5

Action                   |  1- 3 |  4- 6 |  7- 9 | 10-12 | 13-15 | 16-18 | 19-21 | 22-24 | 25-27 || total
-------------------------+-------+-------+-------+-------+-------+-------+-------+-------+-------++-------
Melee: Hand axe          |    84 |    79 |       |       |       |       |       |       |       ||   163
       Headbutt          |    12 |    19 |    36 |    94 |   188 |   330 |   286 |   387 |   200 ||  1552
       Flail             |       |    36 |   193 |       |       |       |       |       |       ||   229
       War axe           |       |       |    49 |   195 |       |       |       |       |       ||   244
       Battleaxe         |       |       |       |   222 |   889 |    56 |       |       |       ||  1167
       Executioner's axe |       |       |       |       |       |  1199 |  1135 |  1139 |   653 ||  4126
Invok: Berserk           |       |     1 |     2 |     7 |     2 |     3 |     3 |       |       ||    18
       Burn Spellbooks   |       |       |     2 |     4 |     3 |     4 |     5 |     4 |       ||    22
       Trog's Hand       |       |       |       |       |     3 |     1 |     6 |     5 |       ||    15
       Brothers in Arms  |       |       |       |       |       |     3 |     1 |     4 |     1 ||     9
 Abil: Evoke Flight      |       |       |       |       |       |       |     6 |     1 |       ||     7
       Stop Flying       |       |       |       |       |       |       |     2 |       |       ||     2
Evoke: Wand              |       |       |     2 |       |       |       |       |     1 |       ||     3
       Lightning rod     |       |       |       |       |       |       |     2 |       |       ||     2
  Use: Potion            |       |     1 |     1 |     5 |     2 |     5 |     5 |     6 |     5 ||    30
       Scroll            |       |       |     6 |    14 |     6 |     8 |     6 |    24 |     3 ||    67
 Stab: Distracted        |       |       |       |       |       |     2 |     1 |       |     1 ||     4
       Held in net/web   |       |       |       |       |       |     1 |       |       |       ||     1
       Invisible         |       |       |       |       |       |       |     3 |     6 |       ||     9
       Confused          |       |       |       |       |       |       |       |       |     1 ||     1
  Eat: Chunk             |     3 |     5 |     8 |    21 |    23 |    33 |    25 |    32 |    19 ||   169
       Bread ration      |       |       |     2 |       |       |     1 |       |       |       ||     3
       Meat ration       |       |       |       |     2 |     4 |     6 |     2 |       |       ||    14
       Fruit             |       |       |       |       |       |       |     2 |     4 |     6 ||    12
       Royal jelly       |       |       |       |       |       |       |       |     1 |       ||     1
Armor: Animal skin       |     6 |       |       |       |       |       |       |       |       ||     6
       Leather armour    |    21 |     2 |       |       |       |       |       |       |       ||    23
       Scale mail        |       |    22 |       |    35 |       |       |       |       |       ||    57
       Chain mail        |       |    31 |    42 |       |       |    31 |   737 |   705 |   188 ||  1734
       Plate armour      |       |       |    81 |   255 |   554 |   795 |       |       |       ||  1685
       Ice dragon scales |       |       |       |       |       |   136 |       |       |       ||   136
       Fire dragon scale |       |       |       |       |       |       |       |       |    86 ||    86
       Gold dragon scale |       |       |       |       |       |       |       |       |    16 ||    16
Dodge: Dodged            |    58 |    48 |    77 |   205 |   344 |   664 |   669 |   773 |   379 ||  3217
Block: Buckler           |       |       |    30 |    45 |       |       |       |       |       ||    75
       Other             |       |       |       |       |       |       |       |       |    38 ||    38
